 Dungeon Crawl Stone Soup version 0.31.0-11-ge490571c62 (webtiles) character file.

Game seed: 17149290821796889879

183 qw the Skirmisher (level 5, 0/29 HPs)
             Began as a Deep Elf Hunter on Feb 4, 2024.
             Slain by a black bear (7 damage)
             ... on level 4 of the Dungeon.
             The game lasted 00:00:51 (2217 turns).

qw the Skirmisher (Deep Elf Hunter)                 Turns: 2217, Time: 00:00:52

Health: 0/29       AC:  7    Str: 10    XL:     5   Next: 35%
Magic:  7/7        EV: 11    Int: 14    God:
Gold:   218        SH:  0    Dex: 18    Spells: 4/4 levels left

rFire   . . .        a - +1 shortbow
rCold   + . .        (shield currently unavailable)
rNeg    . . .        f - +0 ring mail
rPois   .            (no helmet)
rElec   .            k - +1 cloak
rCorr   .            (no gloves)
SInv    .            (no boots)
Will    .....        (no amulet)
Stlth   +            e - ring of protection from cold
HPRegen 0.24/turn    (no ring)
MPRegen 0.10/turn

%: no passive effects
@: no status effects
A: no striking features
a: no special abilities


You were on level 4 of the Dungeon.
You visited 1 branch of the dungeon, and saw 4 of its levels.

You collected 218 gold pieces.


   Skills:
 - Level 1.5 Fighting
 + Level 8.9 Ranged Weapons
 - Level 2.4 Dodging
 - Level 1.2 Stealth


You had 4 spell levels left.
You didn't know any spells.
Your spell library was empty.

Inventory:

Hand Weapons
 a - a +1 shortbow (weapon)
Armour
 f - a +0 ring mail (worn)
 k - a +1 cloak (worn)
Jewellery
 e - a ring of protection from cold (left hand)
Scrolls
 b - a scroll of teleportation
Potions
 c - a potion of might
 d - a potion of cancellation
 h - a potion of brilliance {unknown}
 i - a potion of curing {unknown}
 l - a potion of heal wounds
 m - a potion of resistance {unknown}

Dungeon Overview and Level Annotations

Branches:
Dungeon (4/15)
 Temple: D:4-7

Altars:


Message History

You now have 218 gold pieces (gained 12).
A black bear comes into view.
You shoot an arrow. The arrow hits the black bear!
The black bear is moderately wounded.
You shoot an arrow.
The arrow hits the black bear but does no damage.
The black bear is moderately wounded.
You shoot an arrow. The arrow barely misses the black bear.
You shoot an arrow. The arrow hits the black bear.
The black bear is heavily wounded.
You shoot an arrow.
The arrow closely misses the black bear.
The black bear closely misses you. The black bear claws you.
The black bear claws you but does no damage.
You shoot an arrow. The arrow hits the black bear.
The black bear is severely wounded.
The black bear bites you. The black bear barely misses you.
The black bear completely misses you. The black bear misses you.
The black bear claws you but does no damage.
The black bear barely misses you.
You shoot an arrow. The arrow hits the black bear!
The black bear is almost dead.
The black bear goes berserk!
You shoot an arrow.
The arrow closely misses the black bear.
The black bear bites you. The black bear barely misses you.
The black bear claws you but does no damage.
The black bear closely misses you.
The black bear claws you but does no damage. x2
You shoot an arrow.
The arrow hits the black bear but does no damage.
The black bear is almost dead.
The black bear bites you but does no damage.
The black bear completely misses you. The black bear claws you.
You shoot an arrow.
The arrow hits the black bear but does no damage.
The black bear is almost dead.
The black bear bites you. The black bear claws you. x2
The black bear bites you!
You die...

##...##### ###.....#
# #.....###
##########)......###
'........%.........#
##########.....#.#..#
# #.....#.# #### #
#######.##....# #
#@h.....# #........
#.....#.. #$###.# #.#
..# #.# .# #.# . #.#


You could see a black bear (berserk).

Vanquished Creatures
  A black bear (D:4)
  3 adders
  3 dart slugs
  7 ball pythons
  2 bats (D:2)
  10 endoplasms
  2 giant cockroaches (D:1)
  5 hobgoblins
  A quokka (D:2)
  6 frilled lizards
  7 goblins
  3 kobolds (D:1)
  7 rats
57 creatures vanquished.

Notes
Turn   | Place    | Note
-------+----------+-------------------------------------------
     0 | D:1      | qw the Deep Elf Hunter began the quest for the Orb.
     0 | D:1      | Reached XP level 1. HP: 12/12 MP: 3/3
     0 | D:1      | 0 ||| qw: Version: 0.3-a-160-g6735b56
     0 | D:1      | 0 ||| qw: Game counter: 5689
     0 | D:1      | 0 ||| qw: Melee chars always use a shield: true
     0 | D:1      | 0 ||| qw: God list: Okawaru
     0 | D:1      | 0 ||| qw: Allow faded altars: false
     0 | D:1      | 0 ||| qw: Do Orc after clearing Dungeon:15 true
     0 | D:1      | 0 ||| qw: Do second Lair branch before Depths: true
     0 | D:1      | 0 ||| qw: Lair rune preference: random
     0 | D:1      | 0 ||| qw: Goals: Normal
     0 | D:1      | 0 ||| PLANNING D:1-11
   156 | D:1      | Reached XP level 2. HP: 9/16 MP: 4/4
   195 | D:1      | Reached skill level 6 in Ranged Weapons
   500 | D:1      | Reached XP level 3. HP: 20/20 MP: 5/5
   640 | D:1      | 640 ||| UPGRADING to +0 ring mail.
   650 | D:1      | 650 ||| DROPPING +0 leather armour.
   651 | D:1      | 651 ||| UPGRADING to +1 cloak.
   656 | D:1      | 656 ||| UPGRADING to ring of protection from cold.
   657 | D:1      | 657 ||| READING scroll labelled CYRUSE CIRGH.
   657 | D:1      | 657 ||| IDENTIFYING viscous silvery potion
   658 | D:1      | 658 ||| READING scroll labelled SUNIDDO WAETT.
   659 | D:1      | 659 ||| DROPPING scroll of butterflies.
   693 | D:2      | 693 ||| STAIRDANCE
   699 | D:2      | 699 ||| STAIRDANCE
   721 | D:2      | 721 ||| STAIRDANCE
   726 | D:2      | 726 ||| STAIRDANCE
   731 | D:1      | Reached skill level 7 in Ranged Weapons
   808 | D:2      | You fall into a shaft and drop 1 floor!
   817 | D:3      | 817 ||| DRINKING 2 emerald potions.
  1076 | D:2      | Found a faded altar of an unknown god.
  1415 | D:2      | 1415 ||| READING scroll labelled RIOMUONGEU.
  1416 | D:2      | 1416 ||| DRINKING 2 grey potions.
  1619 | D:3      | Reached XP level 4. HP: 25/25 MP: 6/6
  1851 | D:3      | 1851 ||| READING scroll of identify.
  1851 | D:3      | 1851 ||| IDENTIFYING silvery potion
  1852 | D:3      | 1852 ||| READING 2 scrolls labelled ARAURI TEQATT.
  1857 | D:3      | 1857 ||| READING scroll labelled YHUUNO DUOTUZUTSI.
  1857 | D:3      | 1857 ||| ENCHANTING +0 shortbow.
  1858 | D:3      | 1858 ||| DRINKING 2 fizzy golden potions.
  1859 | D:3      | 1859 ||| FLEEEEING.
  1860 | D:3      | 1860 ||| FLEEEEING.
  1861 | D:3      | 1861 ||| FLEEEEING.
  1862 | D:3      | 1862 ||| FLEEEEING.
  1863 | D:3      | 1863 ||| FLEEEEING.
  1864 | D:3      | 1864 ||| FLEEEEING.
  1865 | D:3      | 1865 ||| FLEEEEING.
  1866 | D:3      | 1866 ||| FLEEEEING.
  1867 | D:3      | 1867 ||| FLEEEEING.
  1868 | D:3      | 1868 ||| FLEEEEING.
  1869 | D:3      | 1869 ||| FLEEEEING.
  1870 | D:3      | 1870 ||| FLEEEEING.
  1871 | D:3      | 1871 ||| FLEEEEING.
  1872 | D:3      | 1872 ||| FLEEEEING.
  1873 | D:3      | 1873 ||| FLEEEEING.
  1874 | D:3      | 1874 ||| FLEEEEING.
  1875 | D:3      | 1875 ||| FLEEEEING.
  1876 | D:3      | 1876 ||| FLEEEEING.
  1877 | D:3      | 1877 ||| STAIRDANCE
  1879 | D:2      | 1879 ||| FLEEEEING.
  1880 | D:2      | 1880 ||| FLEEEEING.
  1881 | D:2      | 1881 ||| FLEEEEING.
  1882 | D:2      | 1882 ||| STAIRDANCE
  1984 | D:1      | 1984 ||| DROPPING potion of ambrosia.
  1985 | D:1      | 1985 ||| DROPPING potion of berserk rage.
  2013 | D:4      | 2013 ||| STAIRDANCE
  2120 | D:4      | Noticed a black bear
  2128 | D:4      | Killed a black bear
  2129 | D:4      | Reached skill level 8 in Ranged Weapons
  2129 | D:4      | Reached XP level 5. HP: 17/29 MP: 7/7
  2207 | D:4      | Noticed a black bear
  2217 | D:4      | HP: 7/29 [black bear (5)]
  2217 | D:4      | Slain by a black bear

Levels and vault maps discovered:
D:1:      minmay_arrival_nine_rooms, layout_basic, nicolae_figureground_pulse
D:2:      layout_basic, hellmonk_ecumenical_altar_leap_of_faith,
          serial_corexii_hall, corexii_hall_statues_x, corexii_hall_statues_i,
          chequers_hall_statues_corner_a, corexii_hall_statues_i
D:3:      layout_rooms, grunt_decor_fettered, chequers_decorated_corner
D:4:      layout_basic

Skill      XL: |  1  2  3  4 |
---------------+-------------+-----
Ranged Weapons | 6 7 8 |  8.9
Fighting       | |  1.5
Dodging        | |  2.4
Stealth        | |  1.2

Action                     |  1- 3 |  4- 6 || total
---------------------------+-------+-------++-------
   Fire: Shortbow          |   114 |    39 ||   153
    Use: Scroll            |     3 |     3 ||     6
         Potion            |     2 |     1 ||     3
 Armour: Leather armour    |     6 |       ||     6
         Ring mail         |    19 |    33 ||    52
  Dodge: Dodged            |    26 |    30 ||    56

Table legend:
 A = Non-vault XP
 B = Vault XP
 C = Vault XP percentage of total XP
 D = Non-vault monster count
 E = Vault monster count
 F = Vault count percentage of total count
                 A         B        C        D         E       F
            +---------+---------+-------+---------+---------+-------
      Total |     262 |       0 |   0.0 |      57 |       0 |   0.0
            +---------+---------+-------+---------+---------+-------
        D:1 |      63 |       0 |   0.0 |      30 |       0 |   0.0
        D:2 |      21 |       0 |   0.0 |      12 |       0 |   0.0
        D:3 |      49 |       0 |   0.0 |      13 |       0 |   0.0
        D:4 |     129 |       0 |   0.0 |       2 |       0 |   0.0
            +---------+---------+-------+---------+---------+-------
